 Dungeon Sprint DCSS version 0.23.2-33-g5129a83184 (webtiles) character file.

Game seed: 4671785904826409191

119 senseless the Slasher (level 4, 0/47 HPs)
             Began as a Minotaur Gladiator on July 3, 2019.
             Was a Believer of Qazlal.
             Slain by a sky beast (6 damage)
             ... in the Dungeon (Sprint VII: "The Pits").
             The game lasted 00:01:21 (341 turns).

senseless the Slasher (Minotaur Gladiator)           Turns: 341, Time: 00:01:21

Health: 0/47       AC:  3    Str: 19    XL:     4   Next: 73%
Magic:  3/3        EV: 15    Int:  5    God:    Qazlal [**....]
Gold:   0          SH:  2    Dex: 12    Spells: 3/3 levels left

rFire    . . .     SeeInvis .   l - +2 falchion
rCold    . . .     Gourm    .   (no shield)
rNeg     . . .     Faith    .   b - +0 leather armour
rPois    .         Spirit   .   c - +0 hat
rElec    .         Reflect  .   (no cloak)
rCorr    .         Harm     .   (no gloves)
MR       .....     NoTele   +   (no boots)
Stlth    +.........             (no amulet)
HPRegen  0.15/turn              (no ring)
MPRegen  0.08/turn              (no ring)

@: no status effects
A: retaliatory headbutt, horns 2
a: Upheaval, Renounce Religion


You were in the Dungeon.
You worshipped Qazlal.
Qazlal was pleased with you.
You were not hungry.

You visited 1 branch

Inventory:

Hand Weapons
 a - a +0 long sword
 l - a +2 falchion (weapon)
Missiles
 d - 3 throwing nets (quivered)
Armour
 b - a +0 leather armour (worn)
 c - a +0 hat (worn)
Scrolls
 k - a scroll of blinking
 n - 3 scrolls of remove curse
 o - 5 scrolls of amnesia
 p - a scroll of summoning
Potions
 e - a potion of curing
 g - a potion of heal wounds
 h - a potion of haste
 i - 4 potions of magic
 j - 3 potions of berserk rage
 m - 2 potions of invisibility
Comestibles
 f - 9 rations


   Skills:
 + Level 7.0 Fighting
 + Level 7.4 Long Blades
 - Level 2.0 Throwing
 + Level 6.8 Dodging


You had 3 spell levels left.
You didn't know any spells.
Your spell library was empty.

Dungeon Overview and Level Annotations

Branches:
Dungeon (1/1)

Altars:
Ashenzari
Cheibriados
Dithmenos
Elyvilon
Fedhas
Gozag
Hepliaklqana
Kikubaaqudgha
Makhleb
Nemelex Xobeh
Okawaru
Qazlal
Ru
Sif Muna
Trog
Uskayaw
Vehumet
Wu Jian
Xom
Yredelemnul
Zin
The Shining One
Beogh
Jiyva
Lugonu


Innate Abilities, Weirdness & Mutations

You reflexively headbutt those who attack you in melee.
You have a pair of horns on your head.


Message History

The sky beast is moderately wounded.
The sky beast hits you. The sky beast shocks you.
You hit the sky beast.
The sky beast is moderately wounded.
The sky beast misses you.
You hit the sky beast. You headbutt the sky beast.
The sky beast is severely wounded.
The sky beast flickers out of sight!
Deactivating autopickup; reactivate with Ctrl-A.
Something hits you.
* * * LOW HITPOINT WARNING * * *
Something shocks you.
* * * LOW HITPOINT WARNING * * *
You closely miss something. Something barely misses you.
You closely miss something. Your headbutt misses something.
Something hits you but does no damage.
You closely miss something. Something hits you.
* * * LOW HITPOINT WARNING * * *
Something shocks you.
You die...

#_________.#
#_______...###########++
##########'##...........
#.?(.')))'.##......#..#
##########.##..........
#...........'...........
+#####'#####......#..#.
#..#..##...........
+..@○.#####'#####+
####{###.......#
#........##.......#
#........##.......#
#####+#####...<...#
#.......# #.......#
#.......# #########


There were no monsters in sight!

Vanquished Creatures
  A floating eye (D)
  A river rat (D)
  An ooze (D)
  A leopard gecko (D)
  An orc (D)
  A hobgoblin (D)
  A rat (D)
7 creatures vanquished.

Notes
Turn   | Place    | Note
-------+----------+-------------------------------------------
     0 | D        | senseless the Minotaur Gladiator began the quest for the
                  | Orb.
     0 | D        | Reached XP level 1. HP: 18/18 MP: 0/0
    26 | D        | Found a glowing golden altar of the Shining One.
    26 | D        | Found a glowing silver altar of Zin.
    26 | D        | Found a basalt altar of Yredelemnul.
    26 | D        | Found a shimmering altar of Xom.
    26 | D        | Found an ornate altar of the Wu Jian Council.
    26 | D        | Found a bloodstained altar of Trog.
    26 | D        | Found a deep blue altar of Sif Muna.
    26 | D        | Found a sacrificial altar of Ru.
    26 | D        | Found a stormy altar of Qazlal.
    26 | D        | Found an iron altar of Okawaru.
    26 | D        | Found a sparkling altar of Nemelex Xobeh.
    26 | D        | Found a burning altar of Makhleb.
    26 | D        | Found a viscous altar of Jiyva.
    26 | D        | Found a hazy altar of Hepliaklqana.
    26 | D        | Found an opulent altar of Gozag.
    26 | D        | Found a blossoming altar of Fedhas.
    26 | D        | Found a white marble altar of Elyvilon.
    26 | D        | Found a shadowy altar of Dithmenos.
    26 | D        | Found a snail-covered altar of Cheibriados.
    27 | D        | Found a radiant altar of Vehumet.
    27 | D        | Found a corrupted altar of Lugonu.
    27 | D        | Found a roughly hewn altar of Beogh.
    28 | D        | Found a hide-covered altar of Uskayaw.
    28 | D        | Found an ancient bone altar of Kikubaaqudgha.
    28 | D        | Found a shattered altar of Ashenzari.
    31 | D        | Became a worshipper of Qazlal Stormbringer
    68 | D        | Noticed a floating eye
    71 | D        | Paralysed by a floating eye for 3 turns
    76 | D        | Killed a floating eye
    76 | D        | Reached XP level 2. HP: 5/31 MP: 1/1
    76 | D        | Reached XP level 3. HP: 7/38 MP: 2/2
    76 | D        | Reached XP level 4. HP: 8/45 MP: 3/3
    77 | D        | Reached * piety under Qazlal
   322 | D        | Noticed a sky beast
   330 | D        | Reached ** piety under Qazlal
   341 | D        | Slain by a sky beast

Skill      XL: |  1  2  3  4 |
---------------+-------------+-----
Fighting       | 6 7 |  7.0
Long Blades    | 7 |  7.4
Dodging        | 6 |  6.8
Throwing       | |  2.0

Action                   |  1- 3 |  4- 6 || total
-------------------------+-------+-------++-------
Melee: Falchion          |     8 |    17 ||    25
       Long sword        |     3 |       ||     3
       Headbutt          |     2 |     4 ||     6
Armor: Leather armour    |     1 |     2 ||     3
Dodge: Dodged            |     6 |     9 ||    15
       Rpst.: Long sword |     1 |       ||     1
